 Dungeon Crawl Stone Soup version 0.29.1-1-gd02db6906a (webtiles) character file.

Game seed: 17249244665355673049

67081 groovy9 the Marksminotaur (level 14, -13/113 HPs)
             Began as a Minotaur Hunter on Sept 15, 2022.
             Was the Champion of Hepliaklqana.
             Mangled by an ettin
             ... wielding a +0 dire flail
              (53 damage)
             ... on level 1 of the Orcish Mines.
             The game lasted 01:02:57 (15051 turns).

groovy9 the Marksminotaur (Minotaur Hunter)        Turns: 15051, Time: 01:02:58

Health: -13/113    AC: 19    Str: 15    XL:     14   Next: 81%
Magic:  20/20      EV: 20    Int:  6    God:    Hepliaklqana [******]
Gold:   1728       SH:  0    Dex: 31    Spells: 13/13 levels left

rFire   . . .      SeeInvis +   z - +8 longbow (freeze)
rCold   + . .      Faith    .   (shield currently unavailable)
rNeg    . . .      Spirit   .   O - +1 scale mail {rC+}
rPois   .          Reflect  .   c - +1 hat {SInv}
rElec   .          Harm     .   A - +0 cloak
rCorr   .          Rampage  .   G - +1 pair of gloves
Will    +....                   L - +2 pair of boots
Stlth   +.........              o - amulet of regeneration
HPRegen 1.08/turn               g - +6 ring of dexterity
MPRegen 0.17/turn               m - ring of Leoleh {Wiz Drain Fly Dex+5 SInv}

@: flying, silenced, invisible
A: reduced essence, horns 2, retaliatory headbutt
a: Renounce Religion


You were on level 1 of the Orcish Mines.
You worshipped Hepliaklqana.
Hepliaklqana was exalted by your worship.
You visited 4 branches of the dungeon, and saw 18 of its levels.
You also visited: Ice Cave.

You collected 2001 gold pieces.
You spent 273 gold pieces at shops.

Inventory:

Hand Weapons
 z - a +8 longbow of freezing (weapon)
 N - the +6 arbalest "Wuwn" {vorpal, rF- rN++ Str+6}
   (You found it on level 3 of the Lair of Beasts)

   Any ammunition fired from it inflicts extra damage upon your enemies.
   Str:       It affects your strength (+6).
   rF:        It makes you vulnerable to fire.
   rN:        It greatly protects you from negative energy.
Armour
 c - a +1 hat of see invisible (worn)
 A - a +0 cloak (worn)
 G - a +1 pair of gloves (worn)
 J - the +8 orange crystal plate armour {Archmagi, Int+3 Clar}
   (You acquired it on level 2 of the Lair of Beasts)

   Int:       It affects your intelligence (+3).
   Clar:      It protects you against confusion.
 L - a +2 pair of boots (worn)
 O - a +1 scale mail of cold resistance (worn)
 P - a +1 scale mail of poison resistance
Jewellery
 g - a +6 ring of dexterity (left hand)
 h - a +4 ring of evasion
 i - a ring of protection from cold
 k - a ring of protection from cold
 l - a +5 ring of dexterity
 m - the ring of Leoleh (right hand) {Wiz Drain Fly Dex+5 SInv}
   (You found it on level 2 of the Lair of Beasts)

   [ring of wizardry]

   It improves your spell success rate.
   Dex:       It affects your dexterity (+5).
   SInv:      It lets you see invisible.
   Fly:       It grants you flight.
   Drain:     It drains your maximum health when unequipped.
 o - an amulet of regeneration (around neck)
 q - a ring of willpower
 v - a ring of resist corrosion
 F - a ring of protection from cold
Scrolls
 a - 7 scrolls of teleportation
 b - 9 scrolls of immolation
 s - 3 scrolls of noise
 u - 5 scrolls of vulnerability
 w - a scroll of butterflies
 x - 7 scrolls of poison
 y - a scroll of amnesia
 C - 3 scrolls of fear
 D - 2 scrolls of identify
 E - a scroll of magic mapping
 I - 2 scrolls of blinking
 M - a scroll of enchant armour
Potions
 d - 3 potions of ambrosia
 e - 3 potions of attraction
 f - 3 potions of cancellation
 j - 4 potions of haste
 n - 2 potions of resistance
 p - 6 potions of curing
 r - a potion of flight
 t - 2 potions of berserk rage
 B - 5 potions of heal wounds
 K - a potion of invisibility
Miscellaneous
 H - a condenser vane


   Skills:
 - Level 12.1 Fighting
 + Level 19.2 Ranged Weapons
 + Level 12.7 Armour
 - Level 11.2 Dodging
 - Level 0.7 Stealth
 - Level 10.2 Invocations


You had 13 spell levels left.
You didn't know any spells.
Your spell library contained the following spells:

 Spells                   Type           Power      Damage    Failure   Level
 Apportation              Tloc           0%         N/A       45%         1
 Magic Dart               Conj           0%         1d3       45%         1
 Necrotise                Necr           0%         1d4       45%         1
 Sandblast                Erth           0%         2d4       45%         1
 Summon Small Mammal      Summ           0%         N/A       45%         1
 Blink                    Tloc           0%         N/A       61%         2
 Call Imp                 Summ           0%         N/A       61%         2
 Passwall                 Tmut/Erth      0%         N/A       61%         2
 Call Canine Familiar     Summ           0%         N/A       82%         3
 Ignite Poison            Fire/Tmut/Pois 0%         N/A       82%         3
 Lesser Beckoning         Tloc           0%         N/A       82%         3
 Mephitic Cloud           Conj/Pois/Air  0%         N/A       82%         3
 Portal Projectile        Hex/Tloc       0%         N/A       82%         3
 Stone Arrow              Conj/Erth      0%         3d7       82%         3
 Summon Guardian Golem    Hex/Summ       0%         N/A       82%         3
 Tukima's Dance           Hex            0%         N/A       82%         3
 Anguish                  Hex/Necr       0%         N/A       99%         4
 Animate Armour           Summ/Erth      0%         N/A       99%         4
 Leda's Liquefaction      Hex/Erth       0%         N/A       99%         4
 Passage of Golubria      Tloc           0%         N/A       99%         4
 Freezing Cloud           Conj/Ice/Air   0%         6-21      100%        5
 Manifold Assault         Tloc           0%         N/A       100%        5
 Yara's Violent Unravell  Hex/Tmut       0%         3d3       100%        5
 Enfeeble                 Hex            0%         N/A       100%        7
 Orb of Destruction       Conj           0%         9d5       100%        7
 Spellforged Servitor     Conj/Summ      0%         N/A       100%        7
 Lehudib's Crystal Spear  Conj/Erth      0%         10d2      100%        8


Dungeon Overview and Level Annotations

Branches:
Dungeon (11/15)            Temple (1/1) D:7            Lair (5/5) D:10
  Swamp (0/4) Lair:3        Snake (0/4) Lair:2        Slime (0/5) Lair:5
    Orc (1/2) D:11          IceCv (visited)

Altars:
Ashenzari
Cheibriados
Dithmenos
Elyvilon
Fedhas
Gozag
Hepliaklqana
Kikubaaqudgha
Makhleb
Nemelex Xobeh
Okawaru
Qazlal
Ru
Sif Muna
Trog
Uskayaw
Vehumet
Wu Jian
Xom
Yredelemnul
Zin
The Shining One
Jiyva

Shops:
D:1 (   D:5 =   Orc:1 [

Annotations:
Orc:1 1 transporter, 1 runed translucent door


Innate Abilities, Weirdness & Mutations

Your life essence is reduced to manifest your ancestor. (-10% HP)
You have a pair of horns on your head.
You reflexively headbutt those who attack you in melee.


Message History

The orc knight closely misses you. You furiously retaliate!
You headbutt the orc knight.
Fire: z) +8 longbow (freeze)
Press: ? - help, Q - select action, (/) - cycle Shift-Dir - straight line, f/p - orc knight
Aim: an orc knight, wielding a +0 great mace and wearing a +0 chain mail (silenced, severely wounded, 77% to hit)
You shoot an arrow. The arrow hits the orc knight!
The arrow freezes the orc knight.
The orc knight is almost dead.
The orc knight barely misses you.
Fire: z) +8 longbow (freeze)
Press: ? - help, Q - select action, (/) - cycle Shift-Dir - straight line, f/p - orc knight
Aim: an orc knight, wielding a +0 great mace and wearing a +0 chain mail (silenced, almost dead, 77% to hit)
You shoot an arrow. The arrow hits the orc knight.
The arrow freezes the orc knight.
You kill the orc knight!
There are monsters nearby!
There are monsters nearby!
An ettin comes into view. It is wielding two +0 dire flails.
The ettin moves out of view.
A moth of wrath is nearby!
The moth of wrath goads the ettin on!
The ettin goes berserk!
The ettin barely misses you. You furiously retaliate!
You headbutt the ettin. The ettin barely misses you.
Okay, then.
Fire: z) +8 longbow (freeze)
Press: ? - help, Q - select action, (/) - cycle Shift-Dir - straight line, f - ettin
Aim: an ettin, wielding two +0 dire flails (silenced, lightly wounded, berserk, 90% to hit)
You shoot an arrow. The arrow hits the ettin!!
The arrow freezes the ettin!
The ettin is moderately wounded.
The ettin completely misses you.
The ettin hits you with a +0 dire flail!!!
You fade into invisibility!
The ettin misses you. The ettin closely misses you.
The ettin hits you with a +0 dire flail!!
* * * LOW HITPOINT WARNING * * *
The ettin closely misses you.
Okay, then.
You feel much better. The ettin completely misses you.
The ettin hits you with a +0 dire flail!!!
You die...

***,,,,.....,,,,***
#.....
*,*,............#e#
##....
*,*,,⌠..?)!..⌠..#e#
#...^.
*,*,,,.$/[,$....#e#
#..#..
*,*,,,,$)_,$$...#e#
#..... ##
*,*,,***#+*###..#y*
#..... .##
***,,*,##W##y#..###
#.##.. ..#
*,*,.#########..#§#
#.#... .##
***,...#.@C#....#**
#..#.. ##
**,..+.÷.')..##
#.###. .####
**..+.©.'R.## ### #.
##..## *########## #.
#....# #y#####y# ##
.#...# ###.©.### #
###.## #.......#
.#...# #.......#
.....########.......#


You could see the friendly Publius the knight, an ettin (berserk, unable to see
you) and a moth of wrath (unsilenced, unable to see you, ally target).

Vanquished Creatures
  2 orc warlords
  A frost giant (IceCv)
  The ghost of RascalDebosk the Fighter, a journeyman MiBe of Trog (Orc:1)
  8 hydras
  A merfolk avatar (Lair:5)
  A two-headed ogre (D:11)
  A dancing weapon (Orc:1)
  12 death yaks
  A sea snake (Lair:5)
  An orc knight (Orc:1)
  A harpy (Lair:5)
  3 lindwurms (Lair:2)
  An ugly thing (IceCv)
  An orc sorcerer (D:11)
  2 deep elf pyromancers (Orc:1)
  2 oklob plants (Lair:3)
  4 elephants (Lair:3)
  An ice statue (IceCv)
  7 black mambas
  An unseen horror (D:10)
  13 cane toads
  12 komodo dragons
  A kobold demonologist (D:11)
  9 rime drakes
  8 polar bears
  4 trolls
  Grinder (D:3)
  Prince Ribbit (D:8)
  A hornet (Lair:5)
  2 snapping turtles (Lair:5)
  4 dream sheep
  3 blink frogs (Lair:1)
  A shadow (D:10)
  38 yaks
  3 wyverns
  6 humans (D:7)
  3 steam dragons
  A warg (Orc:1)
  An acid dragon (D:11)
  20 water moccasins
  2 black bears
  10 orc warriors
  A swamp drake (Orc:1)
  2 ogres (D:5)
  17 wolves
  6 centaurs
  3 phantoms
  10 bullfrogs
  2 kobold brigands
  3 scorpions
  A necrophage (D:7)
  21 wights
  15 killer bees
  3 howler monkeys
  4 electric eels
  A crimson imp (Orc:1)
  5 orc priests
  4 jellies
  6 hounds
  An iron imp (Orc:1)
  Jessica (D:3)
  2 iguanas (D:5)
  Natasha (twice) (D:3)
  10 orc wizards
  2 hell rats (Lair:4)
  A mummy (D:8)
  8 adders
  5 river rats (Lair:4)
  A shadow imp (Orc:1)
  A white imp (Orc:1)
  A worm (D:5)
  5 dart slugs
  37 orcs
  8 bats
  8 endoplasms
  2 giant cockroaches
  5 goblins
  9 hobgoblins
  5 quokkas
  3 ball pythons
  8 frilled lizards
  A goblin zombie (D:8)
  A hobgoblin zombie (D:8)
  17 kobolds
  6 rats
450 creatures vanquished.

Vanquished Creatures (collateral kills)
  2 hydras (Lair:3)
  A lindwurm (Lair:2)
  A manticore (Lair:5)
  3 elephants
  A black mamba (Lair:2)
  4 cane toads
  A komodo dragon (Lair:5)
  A kobold demonologist (D:11)
  2 rime drakes
  3 polar bears
  5 dream sheep
  A snapping turtle (Lair:5)
  A shadow (D:11)
  A basilisk (Lair:1)
  7 yaks
  A swamp worm (Lair:3)
  4 water moccasins
  4 orc warriors
  2 wolves (IceCv)
  A kobold brigand (D:11)
  2 bullfrogs
  A killer bee (D:10)
  2 orc wizards (Orc:1)
  3 river rats
  2 orcs (Orc:1)
  An endoplasm (Lair:5)
57 creatures vanquished.

Vanquished Creatures (others)
  3 knights
  29 fungi
  75 plants
107 creatures vanquished.

Grand Total: 614 creatures vanquished

Notes
Turn   | Place    | Note
-------+----------+-------------------------------------------
     0 | D:1      | groovy9 the Minotaur Hunter began the quest for the Orb.
     0 | D:1      | Reached XP level 1. HP: 18/18 MP: 0/0
   192 | D:1      | Reached XP level 2. HP: 25/25 MP: 1/1
   209 | D:1      | Found Poxotarchal's Weapon Emporium.
   360 | D:1      | Reached skill level 5 in Ranged Weapons
   532 | D:1      | Reached XP level 3. HP: 30/30 MP: 2/2
   859 | D:2      | Reached XP level 4. HP: 38/38 MP: 3/3
  1081 | D:2      | Found a faded altar of an unknown god.
  1246 | D:3      | Noticed Jessica
  1247 | D:3      | Killed Jessica
  1248 | D:3      | Noticed Grinder
  1251 | D:3      | Paralysed by Grinder for 2 turns
  1265 | D:3      | Killed Grinder
  1266 | D:3      | Reached skill level 6 in Ranged Weapons
  1266 | D:3      | Reached XP level 5. HP: 34/47 MP: 4/4
  1266 | D:3      | Reached XP level 6. HP: 38/53 MP: 5/5
  1614 | D:3      | Noticed Natasha
  1622 | D:3      | Killed Natasha
  1900 | D:3      | Noticed Natasha
  1904 | D:3      | Killed Natasha
  2314 | D:4      | Reached skill level 7 in Ranged Weapons
  2618 | D:4      | Reached XP level 7. HP: 60/60 MP: 6/6
  2627 | D:4      | Reached skill level 5 in Fighting
  2929 | D:4      | Found an opulent altar of Gozag.
  2974 | D:5      | Entered Level 5 of the Dungeon
  3199 | D:5      | Found Upung's One-of-a-Kind Rings.
  3207 | D:5      | Bought a +5 ring of dexterity for 273 gold pieces
  3247 | D:5      | You fall into a shaft and drop 3 floors!
  3252 | D:8      | Found a shimmering altar of Xom.
  3580 | D:5      | Reached skill level 8 in Ranged Weapons
  3580 | D:5      | Reached skill level 5 in Dodging
  3663 | D:5      | Reached XP level 8. HP: 66/70 MP: 7/7
  4390 | D:6      | Reached skill level 9 in Ranged Weapons
  4667 | D:7      | Reached skill level 10 in Ranged Weapons
  4678 | D:7      | Reached XP level 9. HP: 74/79 MP: 8/8
  4831 | D:7      | Found a staircase to the Ecumenical Temple.
  4837 | Temple   | Entered the Ecumenical Temple
  4896 | Temple   | Became a worshipper of Hepliaklqana the Forgotten
  5031 | D:7      | Reached skill level 11 in Ranged Weapons
  5107 | D:7      | Found an iron altar of Okawaru.
  5629 | D:8      | Noticed Prince Ribbit
  5636 | D:8      | Killed Prince Ribbit
  5637 | D:8      | Reached skill level 12 in Ranged Weapons
  5657 | D:8      | Reached XP level 10. HP: 90/90 MP: 9/9
  5902 | D:8      | Reached * piety under Hepliaklqana
  6568 | D:9      | Identified the +0 dagger of Retsu {vamp, rC+ rN+ Str-3}
  6791 | D:9      | Reached ** piety under Hepliaklqana
  6792 | D:9      | Remembered your ancestor Publius as a knight
  7089 | D:10     | Entered Level 10 of the Dungeon
  7206 | D:10     | Identified a scroll of acquirement
  7206 | D:10     | Acquired a +3 longbow of flaming
  7279 | D:10     | Reached skill level 13 in Ranged Weapons
  7429 | D:10     | Found a staircase to the Lair.
  7433 | D:10     | Reached skill level 10 in Fighting
  7456 | D:10     | Found a glowing silver altar of Zin.
  7461 | D:10     | Found a sacrificial altar of Ru.
  7463 | D:10     | Found an ornate altar of the Wu Jian Council.
  7469 | D:10     | Found a basalt altar of Yredelemnul.
  7470 | D:10     | Found a burning altar of Makhleb.
  7777 | D:11     | Reached *** piety under Hepliaklqana
  7871 | D:11     | Noticed an orange demon
  7875 | D:11     | Noticed a sixfirhy
  7876 | D:11     | Noticed a soul eater
  7888 | D:11     | Found a staircase to the Orcish Mines.
  7890 | D:11     | Noticed a two-headed ogre
  7901 | D:10     | Reached XP level 11. HP: 64/90 MP: 10/10
  8005 | D:11     | Noticed a soul eater
  8013 | D:11     | Reached skill level 14 in Ranged Weapons
  8071 | D:11     | Killed a two-headed ogre
  8086 | D:11     | Reached skill level 10 in Dodging
  8574 | Lair:1   | Entered Level 1 of the Lair of Beasts
  8574 | Lair:1   | Noticed an eight-headed hydra
  8581 | Lair:1   | Killed an eight-headed hydra
  8680 | Lair:1   | Reached skill level 15 in Ranged Weapons
  8877 | Lair:1   | Reached XP level 12. HP: 100/100 MP: 11/11
  9031 | Lair:1   | Noticed a six-headed hydra
  9037 | Lair:1   | Killed a six-headed hydra
  9064 | Lair:1   | Reached **** piety under Hepliaklqana
  9188 | Lair:2   | Reached skill level 1 in Invocations
  9282 | Lair:2   | Acquired the +8 orange crystal plate armour {Archmagi,
                  | Int+3 Clar}
  9282 | Lair:2   | Found the +8 orange crystal plate armour {Archmagi, Int+3
                  | Clar}
  9317 | Lair:2   | Found a staircase to the Snake Pit.
  9423 | Lair:2   | Noticed a four-headed hydra
  9427 | Lair:2   | Killed a four-headed hydra
  9428 | Lair:2   | Reached skill level 5 in Invocations
 10203 | Lair:2   | Identified the ring of Leoleh {Wiz Drain Fly Dex+5 SInv}
 10289 | Lair:3   | Noticed an eight-headed hydra
 10294 | Lair:3   | Killed an eight-headed hydra
 10366 | Lair:3   | Reached skill level 10 in Invocations
 10366 | Lair:3   | Reached XP level 13. HP: 103/106 MP: 15/19
 10433 | Lair:3   | Reached skill level 1 in Armour
 10541 | Lair:3   | Reached skill level 16 in Ranged Weapons
 10638 | Lair:3   | Identified the +6 arbalest "Wuwn" {vorpal, rF- rN++ Str+6}
 10667 | Lair:3   | Found a staircase to the Swamp.
 11141 | Lair:4   | Reached ***** piety under Hepliaklqana
 11281 | Lair:4   | Reached skill level 5 in Armour
 11835 | Lair:4   | Reached skill level 17 in Ranged Weapons
 12180 | Orc:1    | Entered Level 1 of the Orcish Mines
 12199 | Orc:1    | Noticed an orc warlord
 12215 | Orc:1    | Killed an orc warlord
 12256 | Orc:1    | Found a runed translucent door.
 12257 | Orc:1    | Found a shimmering altar of Xom.
 12257 | Orc:1    | Noticed RascalDebosk's ghost (journeyman MiBe)
 12282 | Orc:1    | Killed RascalDebosk's ghost
 12676 | Orc:1    | Found Gupn's Armour Shoppe.
 12684 | Orc:1    | Found a frozen archway.
 12691 | Orc:1    | Noticed an orc warlord
 12693 | IceCv    | Entered an ice cave
 12866 | IceCv    | Reached XP level 14. HP: 113/113 MP: 20/20
 12903 | IceCv    | Noticed a frost giant
 12927 | IceCv    | Killed a frost giant
 13009 | IceCv    | Reached skill level 18 in Ranged Weapons
 13009 | IceCv    | Reached skill level 10 in Armour
 13315 | Orc:1    | Paralysed by an orc sorcerer for 5 turns
 13391 | D:11     | Killed an orc warlord
 13638 | Lair:5   | Entered Level 5 of the Lair of Beasts
 13814 | Lair:5   | Found a staircase to the Slime Pits.
 14035 | Lair:5   | Reached skill level 19 in Ranged Weapons
 14151 | Lair:5   | Found a viscous altar of Jiyva.
 14656 | Orc:1    | Found a transporter.
 14805 | Orc:1    | Reached ****** piety under Hepliaklqana
 15006 | Orc:1    | Found a transporter.
 15012 | Orc:1    | Found a runed translucent door.
 15012 | Orc:1    | Found a bloodstained altar of Trog.
 15012 | Orc:1    | Found the +8 Wrath of Trog {antimagic, *Rage Rampage}
 15022 | Orc:1    | Noticed a deep elf elementalist
 15023 | Orc:1    | Noticed a deep elf sorcerer
 15051 | Orc:1    | Mangled by an ettin

Illustrated notes

Levels and vault maps discovered:
D:1:      dpeg_arrival_water_temple_mockup, layout_rooms, serial_shops, shop,
          st_stairs_6
D:2:      kennysheep_big_flooded_room, layout_rooms,
          shapermc_ecumenical_altar_notcrosses, minmay_fractal_squares_5
D:3:      layout_loops_corners, minmay_misc_feat_columns, serial_bayou_ford_a,
          uniq_natasha, uniq_grinder, uniq_jessica
D:4:      layout_gridville, kennysheep_mini_moat, amcnicky_mini_corridor_feature
D:5:      layout_basic, nicolae_shop_unique_rings, kennysheep_boxes
D:6:      layout_cave_pools, mrwooster_statue_mirror,
          chequers_serial_rivers_micro_c
D:7:      layout_cave_pools, nicolae_overflow_crystal_walls,
          minmay_temple_entry_hall, minmay_ruffians
D:8:      layout_cave_pods, mainiacjoe_overflow_24_doors,
          nicolae_ossuary_entry_giza, kennysheep_generic_room_10,
          uniq_prince_ribbit1
D:9:      layout_gridville, kennysheep_small_circle
D:10:     layout_cross, minitemple, grunt_lair_entry_orc_guard_hut,
          minmay_misc_feat_encased
D:11:     layout_long_grid, orc_0_dummy, corner_web_ring
Temple:   nicolae_temple_bog_church
Lair:1:   layout_big_grid, serial_rivers, chequers_serial_rivers_small_a,
          chequers_serial_rivers_small_b, chequers_serial_rivers_marsh,
          chequers_serial_rivers_micro_d, chequers_serial_rivers_micro_d,
          chequers_serial_rivers_small_a, pond
Lair:2:   layout_regular_city, minmay_snake_entry_six_corridors,
          minmay_lindwurm_lava, serial_bayou_shore_a
Lair:3:   minmay_lair_oklob_chamber, layout_misc_corridors,
          minmay_swamp_entry_worms
Lair:4:   layout_regular_city, enter_volcano_2, kennysheep_abandoned_house,
          wad_woods_river_01, infiniplex_staircase_pool
Lair:5:   gammafunk_lair_ancient_temple, layout_gridlike,
          nicolae_slime_entry_slimehenge
Orc:1:    emtedronai_trogs_sanctum, layout_caves,
          portal_ice_cave_entry_pillars_1, serial_shops,
          nicolae_shop_temple_entry_statues_fountains, ebering_ghost_xom,
          hangedman_minor_magic

Skill      XL: |  1  2  3  4  5  6  7  8  9 10 11 12 13 14 |
---------------+-------------------------------------------+-----
Ranged Weapons | 5 6 7 8 10 12 13 15 17 19 | 19.2
Fighting       | 3 4 5 7 8 10 12 | 12.1
Dodging        | 3 4 5 6 8 9 11 | 11.2
Invocations    | 10 | 10.2
Armour         | 9 12 | 12.7
Stealth        | |  0.7

Action                   |  1- 3 |  4- 6 |  7- 9 | 10-12 | 13-15 || total
-------------------------+-------+-------+-------+-------+-------++-------
 Fire: Shortbow          |   121 |    98 |    22 |       |       ||   241
       Arbalest          |       |       |   170 |    37 |       ||   207
       Longbow           |       |       |       |   337 |   532 ||   869
Invok: Recall Ancestor   |       |       |       |     1 |     2 ||     3
       Ancestor Life: Kn |       |       |       |     1 |       ||     1
       Idealise          |       |       |       |     2 |     1 ||     3
  Use: Scroll            |       |     7 |     5 |    22 |     5 ||    39
       Potion            |       |     2 |     3 |     5 |     5 ||    15
Armor: Leather armour    |    13 |     2 |    10 |     8 |    23 ||    56
       Skin              |       |       |       |    10 |     4 ||    14
       Scale mail        |       |       |       |       |     4 ||     4
Dodge: Dodged            |    31 |    13 |    87 |   107 |   100 ||   338
